 Dungeon Crawl Stone Soup version 0.30-a0-626-gd6a5dd7a1f (webtiles) character file.

Game seed: 11783914783708070331

10731 NinjaNoafa the Grasshopper (level 11, -2/79 HPs)
             Began as a Human Conjurer on Jan 12, 2023.
             Was a High Priest of Jiyva.
             Hit by a large rock thrown by a cyclops (33 damage)
             ... on level 9 of the Dungeon.
             The game lasted 00:36:24 (7114 turns).

NinjaNoafa the Grasshopper (Human Conjurer)         Turns: 7114, Time: 00:36:25

Health: -2/79      AC: 10    Str: 14    XL:     11   Next: 98%
Magic:  13/21      EV: 13    Int: 23    God:    Jiyva [*****.]
Gold:   274        SH:  4    Dex: 11    Spells: 1/24 levels left

rFire   . . .      SeeInvis .    b - +4 dagger (venom)
rCold   . . .      Faith    .    E - +0 buckler
rNeg    . . .      Spirit   .    q - +0 robe
rPois   .          Reflect  .    A - +2 hat {Will+}
rElec   .          Harm     .    w - +0 cloak
rCorr   +          Rampage  .    (no gloves)
Will    +....                    s - +0 pair of boots
Stlth   +++                      (no amulet)
HPRegen 3.37/turn                d - +4 ring of slaying
MPRegen 0.62/turn                v - +6 ring of strength

@: sluggish, very slow
A: horns 1, iridescent scales 2, regeneration 2, jelly sensing items
a: Renounce Religion, Oozemancy, Slimify


You were on level 9 of the Dungeon.
You worshipped Jiyva.
Jiyva was extremely pleased with you.
You visited 2 branches of the dungeon, and saw 10 of its levels.
You also visited: Ossuary.

You collected 274 gold pieces.

Inventory:

Hand Weapons
 a - the +3 rapier of Maicsuko {drain, rPois MP-9 Str+6}
   (You found it on level 4 of the Dungeon)

   Str:       It affects your strength (+6).
   rPois:     It protects you from poison.
   MP:        It affects your magic capacity (-9).
 b - a +4 dagger of venom (weapon)
Missiles
 h - 40 poisoned darts
 p - 3 javelins
 B - 9 curare-tipped darts
Armour
 q - a +0 robe (worn)
 s - a +0 pair of boots (worn)
 w - a +0 cloak (worn)
 A - a +2 hat of willpower (worn)
 E - a +0 buckler (worn)
Jewellery
 d - a +4 ring of slaying (left hand)
 v - a +6 ring of strength (right hand)
Wands
 r - a wand of mindburst (22)
 C - a wand of iceblast (10)
Scrolls
 e - a scroll of vulnerability {unknown}
 f - a scroll of enchant armour {unknown}
 g - 2 scrolls of fog
 k - 3 scrolls of magic mapping
 l - a scroll of fear {unknown}
 m - a scroll of summoning {unknown}
 y - a scroll of teleportation
 D - a scroll of torment {unknown}
Potions
 c - 2 potions of curing
 i - 2 potions of might
 j - a potion of attraction
 o - a potion of lignification {unknown}
 t - a potion of cancellation {unknown}
 u - a potion of brilliance {unknown}
 z - a potion of invisibility {unknown}


   Skills:
 - Level 5.0 Fighting
 - Level 5.0 Short Blades
 - Level 3.0 Armour
 - Level 6.0 Dodging
 - Level 6.0 Stealth
 + Level 2.6 Shields
 - Level 7.0 Spellcasting
 - Level 7.0 Conjurations
 - Level 5.0 Hexes
 - Level 7.0 Translocations
 - Level 4.0 Air Magic
 - Level 4.0 Evocations


You had one spell level left.
You knew the following spells:

 Your Spells              Type           Power      Damage    Failure   Level
a - Fulminant Prism       Conj/Hex       17%        3d10      9%          4
b - Searing Ray           Conj           80%        2d7       1%          2
c - Shock                 Conj/Air       100%       1d9       1%          1
d - Static Discharge      Conj/Air       66%        2-5/arc   1%          2
e - Magic Dart            Conj           100%       1d8       1%          1
f - Vhi's Electric Charg  Tloc/Air       66%        N/A       3%          3
g - Iskenderun's Mystic   Conj/Tloc      40%        2d9       5%          4
h - Dazzling Flash        Conj/Hex       70%        N/A       2%          3
i - Swiftness             Air            26%        N/A       6%          3

Your spell library contained the following spells:

 Spells                   Type           Power      Damage    Failure   Level
 Airstrike                Air            13%        2d(2-18)  19%         4
 Flame Wave               Conj/Fire      24%        2d8       24%         4
 Arcjolt                  Conj/Air       16%        1d26      28%         5
 Lightning Bolt           Conj/Air       16%        1d30      28%         5
 Vampiric Draining        Necr           8%         2d6       30%         3
 Petrify                  Tmut/Erth      8%         N/A       69%         4
 Metabolic Englaciation   Hex/Ice        9%         N/A       69%         5
 Borgnjor's Vile Clutch   Necr/Erth      4%         N/A       95%         5
 Statue Form              Tmut/Erth      5%         N/A       100%        6
 Haunt                    Necr/Summ      4%         N/A       100%        7


Dungeon Overview and Level Annotations

Branches:
Dungeon (9/15)             Temple (1/1) D:6         Ossuary (visited)
   Lair: D:8-11         Orc: D:9-12

Altars:
Ashenzari
Cheibriados
Dithmenos
Elyvilon
Fedhas
Gozag
Hepliaklqana
Kikubaaqudgha
Okawaru
Qazlal
Ru
Sif Muna
Trog
Uskayaw
Vehumet
Wu Jian
Xom
Yredelemnul
Zin
The Shining One
Jiyva

Annotations:
D:7 exclusion: oklob plant


Innate Abilities, Weirdness & Mutations

You have a pair of small horns on your head.
You are mostly covered in iridescent scales. (AC +4)
You heal very quickly.
You have a small jelly attached to you that senses nearby items.


Message History

The troll bites you. The troll claws you. The troll barely misses you.
You barely miss the troll.
The troll is lightly wounded.
You closely miss the troll. You headbutt the troll.
The troll is moderately wounded.
The troll misses you. The troll closely misses you. x2
You puncture the troll!
The troll looks as sick as possible!
The troll is heavily wounded.
The troll bites you. The troll misses you. x2
Casting: Swiftness (dangerous; 6% risk of failure)
Confirm with . or Enter, or press ? or * to list all spells.
Charge where?
Press: ? - help, Dir - move target, f - cyclops
Aim: a cyclops, quivering large rocks (97% to hit)
You charge forward with an electric crackle!
You puncture the cyclops and electrocute it!
The cyclops is poisoned.
You headbutt the cyclops!
The cyclops is heavily wounded.
The cyclops hits you!
Casting: Vhi's Electric Charge (dangerous; 3% risk of failure)
Confirm with . or Enter, or press ? or * to list all spells.
Charge where?
Press: ? - help, Dir - move target, f - troll, p - cyclops
Aim: a troll (sparse dust, heavily wounded, extremely poisoned, 85% to hit)
You charge forward with an electric crackle!
You hit the troll and electrocute it.
The troll is severely wounded.
The troll bites you! The troll claws you but does no damage.
You block the troll's attack. The troll bites you.
The troll closely misses you. The troll claws you.
The cyclops throws a large rock.
The large rock hits you!!
* * * LOW HITPOINT WARNING * * *
You shudder from the blast and a jelly pops out!
You feel much better. You block the troll's attack. x2
The troll claws you but does no damage.
You hit the troll.
The troll looks as sick as possible!
The troll is almost dead.
You start to feel a little faster.
The cyclops throws a large rock.
The large rock hits you!!
You die...

#.#.y.... .. #.....##
..# ... #..
#.....##....##.##.. #
#..##..#.# ..#.#.. .#
#...##.... #.....# ...
##...#.##..#.....#..
#..†...##.........# .
##†T##..#.##...##.#..
##.@##....##[##....
##J°#.##..#.#..#
########.C..##.....#
........#....#.....#...
........##.............#
.######.###.###.##....##
[.........<.####..#
.##.####....).......
###.####.#######.###


You could see a cyclops (very poisoned, ally target), a troll (extremely
poisoned) and a friendly quicksilver ooze (summoned).

Vanquished Creatures
  Pikel (D:8)
  A manticore (D:7)
  A cyclops (D:6)
  Maggie (D:8)
  The ghost of drugrobin the Insei, a novice DgDe (D:6)
  A hornet (D:7)
  Grinder (D:4)
  A wyvern (D:8)
  3 yaks (D:9)
  A steam dragon (D:8)
  2 vampire mosquitoes (D:7)
  2 water moccasins
  3 orc warriors
  A black bear (D:7)
  2 ogres
  2 centaurs
  2 lemures (D:8)
  3 phantoms
  6 kobold brigands
  2 bullfrogs
  A necrophage (D:6)
  A gnoll sergeant (D:7)
  4 scorpions
  2 water moccasin zombies (Ossuary)
  9 wights
  4 killer bees (D:9)
  4 crimson imps (D:5)
  5 hounds
  2 orc priests (D:4)
  An iguana (D:6)
  5 orc wizards
  4 gnolls
  14 adders
  A shadow imp (D:8)
  4 white imps
  An ufetubus (D:5)
  5 adder zombies (Ossuary)
  5 worms
  3 dart slugs
  18 orcs
  2 endoplasms (D:1)
  A giant cockroach (D:3)
  2 goblins (D:4)
  3 hobgoblins
  2 jackals (D:1)
  2 quokkas
  3 ball pythons
  4 bats
  2 frilled lizards (D:1)
  2 gnoll zombies (Ossuary)
  5 hobgoblin zombies (Ossuary)
  8 kobolds
  2 kobold zombies (Ossuary)
  6 orc zombies (Ossuary)
  A rat (D:1)
175 creatures vanquished.

Vanquished Creatures (collateral kills)
  Gastronok (D:8)
  2 two-headed ogres (D:7)
  A boulder beetle (D:7)
  An ugly thing (D:7)
  A manticore (D:7)
  An unseen horror (D:7)
  6 kobold brigands (D:6)
13 creatures vanquished.

Vanquished Creatures (others)
  A glowing orange brain (shapeshifter) (D:7)
  A slime creature (D:7)
  2 wyverns
  A centaur (D:8)
  A phantom (D:7)
  2 bullfrogs (D:7)
  A scorpion (D:6)
  A necrophage (D:7)
  A wight (D:7)
  3 killer bees (D:8)
  A howler monkey (D:7)
  2 orc priests (D:4)
  A hound (D:6)
  24 jellies
  An iguana (D:6)
  An orc wizard (D:4)
  2 mummies (Ossuary)
  A white imp (D:5)
  6 orcs
  An endoplasm (D:2)
  2 giant cockroaches
  A goblin (D:3)
  2 ball pythons
  A bat (D:3)
  6 kobolds
  6 fulminant prisms (D:9)
  12 fungi (D:7)
  24 plants (D:7)
108 creatures vanquished.

Grand Total: 296 creatures vanquished

Notes
Turn   | Place    | Note
-------+----------+-------------------------------------------
     0 | D:1      | NinjaNoafa the Human Conjurer began the quest for the Orb.
     0 | D:1      | Reached XP level 1. HP: 13/13 MP: 3/3
   212 | D:1      | Reached XP level 2. HP: 19/19 MP: 1/5
   215 | D:1      | Learned a level 2 spell: Searing Ray
   455 | D:1      | Found a faded altar of an unknown god.
   666 | D:1      | Got Olibruug's Almanac of Diablerie and Embers
   836 | D:1      | Prayed at the altar of an unknown god.
   836 | D:1      | Became a worshipper of Jiyva Jineziko the Shapeless
   836 | D:1      | Reached * piety under Jiyva
   975 | D:2      | Reached XP level 3. HP: 24/24 MP: 4/7
  1047 | D:2      | Reached XP level 4. HP: 30/30 MP: 4/8
  1206 | D:2      | Reached ** piety under Jiyva
  1324 | D:2      | Found a sacrificial altar of Ru.
  1456 | D:3      | Reached skill level 5 in Conjurations
  1456 | D:3      | Reached XP level 5. HP: 17/35 MP: 5/10
  1891 | D:3      | Reached *** piety under Jiyva
  1984 | D:3      | Found a sacrificial altar of Ru.
  2001 | D:4      | Noticed Grinder
  2014 | D:3      | Learned a level 1 spell: Shock
  2017 | D:3      | Learned a level 2 spell: Static Discharge
  2076 | D:4      | Gained mutation: You have a small jelly attached to you
                  | that senses nearby items. [Jiyva's grace]
  2076 | D:4      | Gained mutation: You are partially covered in iridescent
                  | scales. (AC +2) [Jiyva's grace]
  2076 | D:4      | Gained mutation: You are mostly covered in iridescent
                  | scales. (AC +4) [Jiyva's grace]
  2076 | D:4      | Gained mutation: You are completely covered in iridescent
                  | scales. (AC +6) [Jiyva's grace]
  2148 | D:4      | Reached skill level 1 in Air Magic
  2148 | D:4      | Reached XP level 6. HP: 41/41 MP: 7/11
  2249 | D:4      | Paralysed by Grinder for 2 turns
  2254 | D:4      | Killed Grinder
  2255 | D:4      | Reached skill level 1 in Fighting
  2255 | D:4      | Reached XP level 7. HP: 25/48 MP: 1/12
  2271 | D:4      | Identified the +3 rapier of Maicsuko {drain, rPois MP-9
                  | Str+6}
  2319 | D:4      | Learned a level 3 spell: Swiftness
  2937 | D:5      | Entered Level 5 of the Dungeon
  2956 | D:5      | Reached skill level 1 in Evocations
  3009 | D:5      | Reached **** piety under Jiyva
  3012 | D:5      | Reached XP level 8. HP: 50/56 MP: 6/13
  3095 | D:5      | Found a shimmering altar of Xom.
  3467 | D:5      | Found an ornate altar of the Wu Jian Council.
  3616 | D:6      | Found a runed translucent gate.
  3616 | D:6      | Found a runed translucent gate.
  3617 | D:6      | Found a runed translucent gate.
  3620 | D:6      | Noticed drugrobin's ghost (novice DgDe)
  3704 | D:6      | Found a sand-covered staircase.
  3717 | Ossuary  | Entered an ossuary
  3764 | Ossuary  | Reached skill level 1 in Translocations
  3983 | D:6      | Found a staircase to the Ecumenical Temple.
  4095 | Temple   | Entered the Ecumenical Temple
  4393 | D:6      | Learned a level 3 spell: Vhi's Electric Charge
  4430 | D:6      | Noticed a cyclops
  4439 | D:6      | Reached XP level 9. HP: 61/61 MP: 13/16
  4495 | D:6      | Reached skill level 5 in Translocations
  4509 | D:6      | Killed a cyclops
  4517 | D:6      | Learned a level 4 spell: Iskenderun's Mystic Blast
  4675 | D:7      | Reached ***** piety under Jiyva
  4686 | D:7      | Gained mutation: Your natural rate of healing is unusually
                  | fast. [Jiyva's grace]
  4686 | D:7      | Gained mutation: You heal very quickly. [Jiyva's grace]
  4686 | D:7      | Gained mutation: You regenerate. [Jiyva's grace]
  4686 | D:7      | Gained mutation: Your spells are a little harder to cast,
                  | but a little more powerful. [Jiyva's grace]
  4772 | D:7      | Noticed a hornet
  4773 | D:7      | Reached skill level 1 in Short Blades
  4780 | D:7      | Killed a hornet
  4799 | D:7      | Noticed a manticore
  4805 | D:7      | Reached skill level 1 in Armour
  4805 | D:7      | Reached skill level 1 in Hexes
  4811 | D:7      | Lost mutation: You are completely covered in iridescent
                  | scales. (AC +6) [potion of mutation]
  4811 | D:7      | Lost mutation: Your spells are a little harder to cast, but
                  | a little more powerful. [potion of mutation]
  4811 | D:7      | Lost mutation: You regenerate. [potion of mutation]
  4811 | D:7      | Gained mutation: You have a pair of small horns on your
                  | head. [potion of mutation]
  4812 | D:7      | Noticed a boulder beetle
  4820 | D:7      | Killed a manticore
  4821 | D:7      | Reached skill level 5 in Spellcasting
  4821 | D:7      | Reached XP level 10. HP: 12/68 MP: 1/17
  4834 | D:7      | Noticed a two-headed ogre
  4834 | D:7      | Noticed a two-headed ogre
  4834 | D:7      | Noticed a white ugly thing
  4837 | D:7      | Noticed a manticore
  4883 | D:7      | You are sucked into a shaft and drop 1 floor!
  4892 | D:8      | Learned a level 3 spell: Dazzling Flash
  5085 | D:7      | Killed a glowing orange brain
  5280 | D:7      | Found a blossoming altar of Fedhas.
  5310 | D:7      | Noticed an oklob plant
  5411 | D:7      | Killed a manticore
  5419 | D:7      | Killed a white ugly thing
  5430 | D:7      | Killed a boulder beetle
  5431 | D:7      | Reached skill level 5 in Dodging
  5497 | D:6      | Found a hazy altar of Hepliaklqana.
  5780 | D:8      | Noticed Pikel
  5814 | D:8      | Killed Pikel
  5815 | D:8      | Reached XP level 11. HP: 77/77 MP: 13/19
  6217 | D:8      | Noticed Gastronok
  6234 | D:8      | Killed Gastronok
  6235 | D:8      | Reached skill level 5 in Stealth
  6291 | D:8      | Noticed Maggie
  6321 | D:8      | Killed Maggie
  6383 | D:8      | Found a shadowy altar of Dithmenos.
  6385 | D:8      | Found a broken altar of Ashenzari.
  6389 | D:8      | Found a glowing golden altar of the Shining One.
  6750 | D:6      | Killed drugrobin's ghost
  6751 | D:6      | Reached skill level 5 in Fighting
  6884 | D:7      | Killed a two-headed ogre
  6885 | D:7      | Reached skill level 5 in Short Blades
  6901 | D:7      | Killed a two-headed ogre
  6902 | D:7      | Reached skill level 5 in Hexes
  6907 | D:7      | Learned a level 4 spell: Fulminant Prism
  7083 | D:9      | Reached skill level 1 in Shields
  7103 | D:9      | Noticed a cyclops
  7114 | D:9      | Hit by a large rock thrown by a cyclops

Illustrated notes

Levels and vault maps discovered:
D:1:      eino_arrival_water_cross, layout_basic,
          shapermc_ecumenical_altar_hornbeckon
D:2:      layout_rooms, basic_altar
D:3:      layout_rooms, nicolae_ru_path_of_blood, hex_medium
D:4:      layout_cave_pods, uniq_grinder
D:5:      layout_cave_pools, led_xom_imps, nicolae_wu_jian_glorious_leap
D:6:      minmay_clustersquares, layout_rooms, mainiacjoe_overflow_chevrons,
          minmay_temple_entry_poolview, gammafunk_ghost_nasty_kobolds,
          chequers_ossuary_entry_cave
D:7:      nzn_winding_woodlands_large [nzn_winding_woodlands_5x5_perimeter,
          nzn_winding_woodlands_5x15_pathside_ponds,
          nzn_winding_woodlands_5x5_open_star,
          nzn_winding_woodlands_center_pierced_h,
          nzn_winding_woodlands_15x15_eel_pit,
          nzn_winding_woodlands_center_triple_pond,
          nzn_winding_woodlands_5x5_three, nzn_winding_woodlands_5x15_pool,
          nzn_winding_woodlands_5x5_cross], layout_loops_corners, tgw_fedhas
D:8:      layout_loops_corners, grunt_temple_overflow_open, uniq_maggie,
          uniq_pikel, uniq_gastronok
D:9:      layout_loops_ring, nicolae_wwwww, minmay_strange_pillars,
          minmay_misc_feat_rugged, nicolae_diode_basic
Temple:   nicolae_temple_slightly_damp_pantheon

Skill      XL: |  1  2  3  4  5  6  7  8  9 10 11 |
---------------+----------------------------------+-----
Spellcasting   | 3 4 5 7 |  7.0
Conjurations   | 5 6 7 |  7.0
Air Magic      | 1 4 |  4.0
Fighting       | 1 2 4 5 |  5.0
Dodging        | 3 4 5 6 |  6.0
Evocations     | 2 4 |  4.0
Translocations | 2 7 |  7.0
Short Blades   | 2 3 5 |  5.0
Armour         | 1 3 |  3.0
Hexes          | 1 3 5 |  5.0
Stealth        | 4 6 |  6.0
Shields        | 2 |  2.6

Action                   |  1- 3 |  4- 6 |  7- 9 | 10-12 || total
-------------------------+-------+-------+-------+-------++-------
Melee: Unarmed           |     7 |       |       |       ||     7
       Punch             |     1 |       |     1 |     1 ||     3
       Dagger            |       |     6 |    52 |    76 ||   134
       Rapier            |       |       |     3 |       ||     3
       Headbutt          |       |       |     1 |    20 ||    21
 Cast: Magic Dart        |    33 |    34 |    39 |    33 ||   139
       Searing Ray       |     4 |    10 |    20 |    11 ||    45
       Shock             |       |     3 |    14 |    14 ||    31
       Static Discharge  |       |     8 |    50 |     7 ||    65
       Swiftness         |       |       |     2 |     5 ||     7
       Vhi's Electric Ch |       |       |     5 |    11 ||    16
       Iskenderun's Myst |       |       |     7 |    26 ||    33
       Dazzling Flash    |       |       |       |     7 ||     7
       Fulminant Prism   |       |       |       |     6 ||     6
Invok: Oozemancy         |       |       |       |     1 ||     1
Evoke: Wand              |       |       |     1 |       ||     1
  Use: Potion            |     1 |     1 |     3 |     5 ||    10
       Scroll            |       |       |     4 |     4 ||     8
Armor: Robe              |     2 |     7 |    72 |    43 ||   124
Dodge: Dodged            |     7 |    30 |   138 |   101 ||   276
Block: Buckler           |       |       |       |     9 ||     9

Table legend: (Time is in decaauts)
 A = Elapsed time spent in this place.
 B = Non-inter-level travel time spent in this place.
 C = Inter-level travel time spent in this place.
 D = Time resting spent in this place.
 E = Time spent auto-exploring this place.
 F = Levels seen in this place.
 G = Mean time per level.
                   A        B        C        D        E       F      G
               +--------+--------+--------+--------+--------+-----+--------+
         Total |   7094 |   6378 |    716 |     13 |   5091 |  11 |  644.9 |
       Dungeon |   6734 |   6037 |    697 |     13 |   4824 |   9 |  748.2 |
        Temple |    183 |    164 |     19 |      0 |    152 |   1 |  183.0 |
       Ossuary |    176 |    176 |      0 |      0 |    115 |   1 |  176.0 |
               +--------+--------+--------+--------+--------+-----+--------+

Top non-repeatable levels by time:
     D:8: 1114 daAuts
     D:1: 983 daAuts
     D:6: 965 daAuts
     D:7: 922 daAuts
     D:4: 899 daAuts
     D:5: 645 daAuts
     D:3: 616 daAuts
     D:2: 472 daAuts
  Temple: 183 daAuts
 Ossuary: 176 daAuts
     D:9: 115 daAuts
